 Dungeon Crawl Stone Soup version 0.27-a0-1065-ge809cff456 (webtiles) character file.

Game seed: 8040944068067698974

32 leviel the Chopper (level 3, 0/33 HPs)
             Began as a Hill Orc Fighter on Apr 24, 2021.
             Slain by Crazy Yiuf
             ... wielding a +3 quarterstaff of chaos
              (10 damage)
             ... while paralysed by Crazy Yiuf
             ... on level 2 of the Dungeon.
             The game lasted 00:01:16 (1530 turns).

leviel the Chopper (Hill Orc Fighter)               Turns: 1530, Time: 00:01:16

Health: 0/33       AC:  6    Str: 19    XL:     3   Next: 27%
Magic:  3/3        EV:  2    Int:  8    God:
Gold:   54         SH:  0    Dex: 10    Spells: 2/2 levels left

rFire    . . .     SeeInvis .   a - +0 war axe
rCold    . . .     Faith    .   c - +0 kite shield
rNeg     . . .     Spirit   .   b - +0 scale mail
rPois    .         Reflect  .   (no helmet)
rElec    .         Harm     .   (no cloak)
rCorr    .         Rampage  .   (no gloves)
Will     .....                  (no boots)
Stlth    ..........             (no amulet)
HPRegen  0.11/turn              (no ring)
MPRegen  0.08/turn              (no ring)

@: paralysed, very slightly contaminated, invisible
A: no striking features
a: no special abilities


You were on level 2 of the Dungeon.
You visited 1 branch of the dungeon, and saw 2 of its levels.

You collected 54 gold pieces.

Inventory:

Hand Weapons
 a - a +0 war axe (weapon)
Armour
 b - a +0 scale mail (worn)
 c - a +0 kite shield (worn)
Scrolls
 e - a scroll of amnesia {unknown}
 g - a scroll of immolation {unknown}
 j - a scroll of teleportation {unknown}
Potions
 d - a potion of might
 f - a potion of cancellation {unknown}
 h - 2 potions of berserk rage {unknown}
 i - a potion of resistance {unknown}


   Skills:
 - Level 3.7 Fighting
 + Level 4.6 Axes
 - Level 3.3 Armour
 - Level 3.3 Shields


You had 2 spell levels left.
You didn't know any spells.
Your spell library was empty.

Dungeon Overview and Level Annotations

Branches:
Dungeon (2/15)

Altars:
Qazlal

Annotations:
D:2 Crazy Yiuf


Message History

No target in view!
No target in view!
No target in view!
No target in view!
Found a mace.
Found a runed translucent door.
Unknown command.
Crazy Yiuf shouts!
Crazy Yiuf grits, "Shadow!"
Crazy Yiuf laughs, "Rifle!
Powder sow canine."
As you open the door, it creaks loudly!
You barely miss Crazy Yiuf.
Crazy Yiuf says, "Crazy?
Crazy!?
PORCUPINE!"
You block Crazy Yiuf's attack. x2
You hit Crazy Yiuf.
Crazy Yiuf is lightly wounded.
Crazy Yiuf barely misses you.
You barely miss Crazy Yiuf.
Crazy Yiuf is lightly wounded.
Crazy Yiuf hits you with a +3 quarterstaff of chaos!
Crazy Yiuf freezes you.
Crazy Yiuf says, "Line!"
Crazy Yiuf hits you with a +3 quarterstaff of chaos.
You fade into invisibility!
You are very lightly contaminated with residual magic.
You barely miss Crazy Yiuf.
Crazy Yiuf is lightly wounded.
Crazy Yiuf screams, "Liver pontify eyeball!"
You slash Crazy Yiuf!
Crazy Yiuf is heavily wounded.
Crazy Yiuf flaps his cloak.
You block Crazy Yiuf's attack.
You barely miss Crazy Yiuf.
Crazy Yiuf is heavily wounded.
You block Crazy Yiuf's attack. Crazy Yiuf barely misses you.
You closely miss Crazy Yiuf.
Crazy Yiuf is heavily wounded.
Crazy Yiuf hits you with a +3 quarterstaff of chaos.
You suddenly lose the ability to move!
Crazy Yiuf hits you with a +3 quarterstaff of chaos!
You die...

#....##
#....#
♣PP..♣
♣...♣♣
♣♣.♣♣
♣.♣♣
♣♣.♣
♣.♣♣
♣♣@♣
#g# ...
#...#
#..)#
#####


You could see Crazy Yiuf.

Vanquished Creatures
  A worm (D:2)
  A dart slug (D:1)
  6 endoplasms
  A goblin (D:1)
  3 hobgoblins
  4 kobolds
  A quokka (D:1)
  2 ball pythons (D:1)
  A bat (D:2)
  4 frilled lizards
  3 rats
27 creatures vanquished.

Notes
Turn   | Place    | Note
-------+----------+-------------------------------------------
     0 | D:1      | leviel the Hill Orc Fighter began the quest for the Orb.
     0 | D:1      | Reached XP level 1. HP: 19/19 MP: 1/1
    46 | D:1      | Reached skill level 3 in Axes
   262 | D:1      | Reached XP level 2. HP: 27/27 MP: 2/2
   696 | D:1      | Found a faded altar of an unknown god.
   797 | D:1      | Reached skill level 4 in Axes
  1219 | D:2      | Reached XP level 3. HP: 26/33 MP: 3/3
  1325 | D:2      | Found a stormy altar of Qazlal.
  1518 | D:2      | Found a runed translucent door.
  1519 | D:2      | Noticed Crazy Yiuf
  1529 | D:2      | Paralysed by Crazy Yiuf for 3 turns
  1530 | D:2      | Slain by Crazy Yiuf

Illustrated notes

Levels and vault maps discovered:
D:1:      dpeg_arrival_radiant, layout_loops_corners,
          ebering_ecumenical_altar_petrified, minmay_pentomino_o2
D:2:      layout_loops_ring, serial_shops, nicolae_shop_stone, basic_altar,
          uniq_crazy_yiuf_cottage

Skill      XL: |  1  2 |
---------------+-------+-----
Axes           | 3 4 |  4.6
Fighting       | |  3.7
Armour         | |  3.3
Shields        | |  3.3

Action                   || total
-------------------------++-------
Melee: War axe           ||   103
Armor: Scale mail        ||    46
Dodge: Dodged            ||    37
Block: Kite shield       ||    48

Table legend: (Time is in decaauts)
 A = Elapsed time spent in this place.
 B = Non-inter-level travel time spent in this place.
 C = Inter-level travel time spent in this place.
 D = Time resting spent in this place.
 E = Time spent auto-exploring this place.
 F = Levels seen in this place.
 G = Mean time per level.
                   A        B        C        D        E       F      G
               +--------+--------+--------+--------+--------+-----+--------+
         Total |   1585 |   1577 |      8 |      0 |   1341 |   2 |  792.5 |
       Dungeon |   1585 |   1577 |      8 |      0 |   1341 |   2 |  792.5 |
               +--------+--------+--------+--------+--------+-----+--------+

Top non-repeatable levels by time:
     D:1: 1243 daAuts
     D:2: 342 daAuts
